 Dungeon Crawl Stone Soup version 0.26.0-11-g8f856b5395 (webtiles) character file.

Game seed: 3812830013304655628

158 Destapler the Slasher (level 5, -5/49 HPs)
             Began as a Palentonga Berserker on Jan 16, 2021.
             Was a Believer of Trog.
             Slain by an orc priest
             ... wielding a +0 falchion
              (8 damage)
             ... on level 3 of the Dungeon.
             The game lasted 00:09:25 (2300 turns).

Destapler the Slasher (Palentonga Berserker)        Turns: 2300, Time: 00:09:28

Health: -5/49      AC:  5    Str: 28    XL:     5   Next: 16%
Magic:  5/5        EV: 10    Int:  7    God:    Trog [**....]
Gold:   159        SH:  0    Dex:  9    Spells: 4/4 levels left

rFire    . . .     SeeInvis +   a - +0 falchion
rCold    . . .     Faith    .   (no shield)
rNeg     . . .     Spirit   .   b - +0 animal skin
rPois    .         Reflect  .   e - +0 helmet
rElec    .         Harm     .   (no cloak)
rCorr    .         Rampage  .   (no gloves)
Will     +++..                  (no barding)
Stlth    +.........             (no amulet)
HPRegen  1.16/turn              f - +6 ring of strength
MPRegen  0.09/turn              q - ring of willpower

@: regenerating
A: large, rugged brown scales 3, see invisible, deformed body, roll 1, armoured
tail
a: Rolling Charge, Renounce Religion, Berserk, Trog's Hand


You were on level 3 of the Dungeon.
You worshipped Trog.
Trog was pleased with you.
You visited 1 branch of the dungeon, and saw 3 of its levels.

You collected 159 gold pieces.

Inventory:

Hand Weapons
 a - a +0 falchion (weapon)
Armour
 b - a +0 animal skin (worn)
 e - a +0 helmet (worn)
Jewellery
 f - a +6 ring of strength (left hand)
 k - an uncursed ring of ice
 q - a ring of willpower (right hand)
 s - an uncursed ring of fire
 v - an uncursed ring of protection from cold
Scrolls
 l - 3 scrolls of magic mapping
 n - a scroll of identify
 p - a scroll of remove curse
 r - a scroll of teleportation
Potions
 c - 2 potions of lignification
 d - 3 potions of curing
 g - a potion of berserk rage {unknown}
 j - a potion of might {unknown}
 m - a potion of invisibility
 t - a potion of heal wounds
 u - a potion of flight {unknown}


   Skills:
 + Level 3.8 Fighting
 * Level 4.2 Long Blades
 + Level 2.4 Armour
 + Level 2.4 Dodging


You had 4 spell levels left.
You didn't know any spells.
Your spell library was empty.

Dungeon Overview and Level Annotations

Branches:
Dungeon (3/15)

Altars:
Kikubaaqudgha
Trog
The Shining One


Innate Abilities, Weirdness & Mutations

You are completely covered in rugged brown scales. (AC +3, +7% HP)
You have supernaturally acute eyesight. (SInv)
Armour fits poorly on your strangely shaped body.
You can roll at nearby foes to attack.
You have a long armoured tail.


Message History

You kill the orc!
Trog accepts your kill.
The orc priest mumbles some strange prayers to Beogh against you.
Beogh smites you!
* * * LOW HITPOINT WARNING * * *
The frilled lizard bites you but does no damage.
There's nothing you can charge at!
You hit the orc priest but do no damage.
The orc hits you but does no damage. The orc priest closely misses you.
You riposte.
You slash the orc priest!
The orc priest is heavily wounded.
The frilled lizard bites you but does no damage.
You hit the orc priest.
Your tail-slap misses the orc priest.
The orc priest is severely wounded.
The orc barely misses you.
You riposte.
You closely miss the orc.
The orc priest mumbles some strange prayers to Beogh against you.
Beogh smites you!
* * * LOW HITPOINT WARNING * * *
The orc priest hits you with a +0 falchion!
You die...

##.###,,,,,,,,,,,,,,,,,,,*
#....,.....,,*#..,******,*
#..#***....,,,...,,,* *,*
######..# *#...,,,..,,,,* *,*
..§§§§§.# #...,,,o#**,,****,*
..§§§§§.# #...*##.##**..,,,,***
.######## #...*#...##..#***,,,,
.### *#.)##o_.....#* *,*** ...#
#..@lo..#,,,,***,*** ##.#
#..oo..##*,,,,,,,,,,
##.##############o.###...**,,*,**
...............o.........**,,*,**
...............)o#......#*,,,,,,,
.#.#############.##......,,,,*,**
.#...,,,.........#*######*,#.#.*
.#####**########.## *,*.#.#
######### ###...## *,*,..#


You could see 2 orc priests, 3 orcs and a frilled lizard.

Vanquished Creatures
  A worker ant (D:2)
  Robin (D:2)
  2 adders (D:3)
  A shadow imp (D:3)
  An ooze (D:2)
  2 dart slugs
  A leopard gecko (D:2)
  6 orcs (D:3)
  6 bats
  3 giant cockroaches (D:1)
  14 goblins
  14 hobgoblins
  7 jackals
  A quokka (D:2)
  A ball python (D:2)
  7 frilled lizards
  4 kobolds
  5 rats
77 creatures vanquished.

Vanquished Creatures (others)
  6 withered plants (D:3)
6 creatures vanquished.

Grand Total: 83 creatures vanquished

Notes
Turn   | Place    | Note
-------+----------+-------------------------------------------
     0 | D:1      | Destapler the Palentonga Berserker began the quest for the
                  | Orb.
     0 | D:1      | Reached XP level 1. HP: 20/20 MP: 1/1
    56 | D:1      | Reached XP level 2. HP: 19/27 MP: 2/2
   532 | D:1      | Reached XP level 3. HP: 33/33 MP: 3/3
   535 | D:1      | Reached ** piety under Trog
   560 | D:1      | You fall into a shaft and drop 1 floor!
   591 | D:2      | Noticed Robin
  1098 | D:2      | Reached XP level 4. HP: 40/40 MP: 4/4
  1371 | D:2      | Killed Robin
  1372 | D:2      | Reached skill level 4 in Long Blades
  1840 | D:3      | Found an ancient bone altar of Kikubaaqudgha.
  1937 | D:3      | Found a glowing golden altar of the Shining One.
  2097 | D:3      | Reached XP level 5. HP: 42/49 MP: 5/5
  2282 | D:3      | Found a bloodstained altar of Trog.
  2300 | D:3      | Slain by an orc priest

Illustrated notes

Levels and vault maps discovered:
D:1:      minmay_arrival_open_corners, layout_basic, chequers_avenue,
          minmay_small_reverse_x
D:2:      layout_basic, minmay_vboxes, uniq_robin
D:3:      layout_loops_ring, lemuel_crystal_altar, kiku_gazebo_garden_becter,
          trog_three_pillars_becter

Skill      XL: |  1  2  3  4 |
---------------+-------------+-----
Dodging        | 2 |  2.4
Armour         | 2 |  2.4
Long Blades    | 4 |  4.2
Fighting       | |  3.8

Action                   |  1- 3 |  4- 6 || total
-------------------------+-------+-------++-------
Melee: Falchion          |    90 |    93 ||   183
       Tailslap          |    12 |     7 ||    19
Invok: Berserk           |     1 |     1 ||     2
       Trog's Hand       |       |     1 ||     1
 Abil: Rolling Charge    |    23 |    28 ||    51
  Use: Potion            |     4 |       ||     4
       Scroll            |       |     7 ||     7
Armor: Animal skin       |    33 |    37 ||    70
Dodge: Dodged            |    37 |    53 ||    90
       Rpst.: Falchion   |    12 |    10 ||    22
